Cogmind - Beta 13 @@@ ROGUE MODE // 2024.07.12 @ 22:23:51 Player: APerTAS Result: Destroyed by G-34 Mercenary with Small Laser Performance ------------- Evolutions (0) 0 Regions Visited (1) 200 Robots Destroyed (3) 15 Value Destroyed (52) 52 Prototype IDs (0) 0 Alien Tech Used (0) 0 Bonus (0) 0 TOTAL SCORE: 267 Bonus ------- None Cogmind --------- Core Integrity 0/250 Matter 300/300 Energy 98/100 System Corruption 6% Temperature Cool (6) Movement Core (50) Location -10/Materials Parts ------- > --- POWER (1) -------- (None) > --- PROPULSION (2) --- (None) > --- UTILITY (2) ------ (None) > --- WEAPON (2) ------- (None) > --- INVENTORY (5) ---- (None) Peak State ------------ > --- POWER ------------ Ion Engine > --- PROPULSION ------- Compact Wheel Compact Wheel > --- UTILITY ---------- Small Storage Unit > --- WEAPON ----------- Assault Rifle Light Assault Rifle > --- INVENTORY -------- Light Treads Light Treads Light Assault Rifle [Rating: 6] Favorites ----------- Power Ion Engine Engine Ion Engine Propulsion Compact Wheel Wheel Compact Wheel Utility Small Storage Unit Storage Small Storage Unit Weapon Assault Rifle Ballistic Gun Assault Rifle Build | -11 -10 ------- Run | Yrd Mat Slots Evolved . | . . Power . | . . Propulsion . | . . Utility . | . . Weapon . | . . Parts Attached 6 | 6 . Power 1 | 1 . Engine 1 | 1 . Core . | . . Reactor . | . . Propulsion 2 | 2 . Treads . | . . Leg . | . . Wheel 2 | 2 . Hover . | . . Flight . | . . Utility 1 | 1 . Device . | . . Storage 1 | 1 . Processor . | . . Hackware . | . . Protection . | . . Artifact . | . . Weapon 2 | 2 . Energy Gun . | . . Energy Cannon . | . . Ballistic Gun 2 | 2 . Ballistic Cannon . | . . Launcher . | . . Special Weapon . | . . Impact Weapon . | . . Slashing Weapon . | . . Piercing Weapon . | . . Special Melee Weapon . | . . Unidentified Prototypes . | . . Parts Lost . | . . Power . | . . Propulsion . | . . Utility . | . . Weapon . | . . Highest Loss Streak . | . . To Critical Strikes . | . . Average Slot Usage (%) 36 | . 36 Engine 5 | . 5 Wheel 11 | . 11 Storage 7 | . 7 Ballistic Gun 11 | . 11 Naked Turns 118 | . 118 Heaviest Build 13 | 13 13 Greatest Support 32 | 32 32 Greatest Overweight (x) 1 | . 1 Average Overweight (x) . | . . Largest Inventory Capacity 8 | 8 8 Average Capacity 6 | 6 6 Most Carried 8 | 5 8 Average Carried 2 | 2 2 Final Capacity 8 | 8 5 Final Carried 4 | 4 . Class Distribution -------------------- 100% | Mutant Dominant Class ---------------- Mutant | -10/Materials Resources | -11 -10 ----------- Run | Yrd Mat Matter Collected 222 | 207 15 Remotely . | . . Salvage Created 125 | . 125 Parts 13 | . 13 Haulers Intercepted 1 | . 1 Recyclers Shooed . | . . Parts Field Recycled . | . . Retrieved Matter . | . . Parts Self-Destructed . | . . Prevented . | . . Kills | -11 -10 ------- Run | Yrd Mat Combat Hostiles Destroyed 1 | . 1 Melee 1 | . 1 Classes Destroyed 3 | . 3 Hauler 1 | . 1 Operator 1 | . 1 Grunt 1 | . 1 Best Kill Streak 1 | . 1 Combat Bots Only 1 | . 1 Max Kills in Single Turn 1 | . 1 Gunslinging . | . . Exploded . | . . Melee 1 | . 1 Uniques/NPCs Destroyed . | . . Combat | -11 -10 -------- Run | Yrd Mat Hostile Shots Fired 24 | . 24 Missed 10 | . 10 Damage Taken 261 | . 261 Core 261 | . 261 Absorbed by Shields . | . . Core Remaining (%) 100 | 100 . Volleys Fired 2 | . 2 Largest 2 | . 2 Hottest 40 | . 40 Shots Fired 4 | . 4 Gun 4 | . 4 Cannon . | . . Launcher . | . . Special . | . . Kinetic 4 | . 4 Thermal . | . . Explosive . | . . Electromagnetic . | . . Robot Hit Streak 2 | . 2 Robot Miss Streak 2 | . 2 Penetration Max . | . . Secondary Targets . | . . Shots Hit Robots 2 | . 2 Core Hits 11 | . 11 Critical Kills . | . . Critical Parts Destroyed . | . . Critical Strikes . | . . Melee Attacks . | . . Impact . | . . Slashing . | . . Piercing . | . . Sneak Attacks . | . . Combat Hostiles . | . . Follow-up Attacks . | . . Damage Inflicted 223 | . 223 Guns 21 | . 21 Cannons . | . . Explosions . | . . Melee . | . . Ramming 202 | . 202 Kinetic 21 | . 21 Thermal . | . . Explosive . | . . Electromagnetic . | . . Impact . | . . Slashing . | . . Piercing . | . . Highest Corruption 6 | . 6 Average Corruption 4 | . 4 Corruption Purged . | . . Corruption Blocked . | . . Effects 3 | . 3 Heat Flow Errors 1 | . 1 Data Loss (major) 2 | . 2 Overload Shots . | . . Overflow Damage 1 | . 1 Projectiles . | . . Explosions . | . . Melee 1 | . 1 Knockbacks . | . . Impact . | . . Kinetic . | . . Secondary . | . . Self-Inflicted Damage 89 | . 89 Shots . | . . Rammed 50 | . 50 Targets Rammed 50 | . 50 Kicked . | . . Crushed . | . . Highest Temperature 82 | . 82 Average Temperature 44 | . 44 Received Heat Transfer 84 | . 84 Siege Activations . | . . Robots Corrupted . | . . Combat Hostiles . | . . Parts Fried . | . . Impact Corruptions 1 | . 1 Robots Melted . | . . Combat Hostiles . | . . Parts Melted . | . . Heat Transferred . | . . Parts Sabotaged . | . . Parts Stolen . | . . Parts Stripped . | . . Power Chain Reactions . | . . Alert | -11 -10 ------- Run | Yrd Mat Peak Influence 77 | . 77 Initial . | . . Average 23 | . 32 Maximum Alert Level . | . . Low Security (%) 100 | 100 100 Level 1 . | . . Level 2 . | . . Level 3 . | . . Level 4 . | . . Level 5 . | . . High Security . | . . Max Security . | . . Squads Dispatched 2 | . 2 Investigation 1 | . 1 Extermination . | . . Reinforcement 1 | . 1 Assault . | . . Garrison . | . . Intercept . | . . Searches Triggered . | . . Construction Impeded . | . . Haulers Reinforced . | . . Active Scanning Responses . | . . Cargo Convoy Interrupts . | . . Stealth | -11 -10 --------- Run | Yrd Mat Distress Signals 1 | . 1 Communications Jammed . | . . Distress Signals . | . . Times Spotted 6 | . 6 Peak Tracking Total 3 | . 3 Tactical Retreats . | . . Traps | -11 -10 ------- Run | Yrd Mat Traps Triggered 6 | . 6 Indirectly . | . . Trap Hack Attempts . | . . Triggered . | . . Disarmed 16 | . 16 Reprogrammed . | . . Reused . | . . Traps Extracted . | . . Installed . | . . Triggered . | . . Machines | -11 -10 ---------- Run | Yrd Mat Machines Disabled . | . . Max in Single Turn . | . . Machines Repaired . | . . Machines Dismantled . | . . Machines Sabotaged . | . . Overloaded Fab Kills . | . . Hacking | -11 -10 --------- Run | Yrd Mat Machines Accessed 1 | . 1 Terminals 1 | . 1 Fabricators . | . . Repair Stations . | . . Recycling Units . | . . Scanalyzers . | . . Garrison Access . | . . Total Hacks 6 | . 6 Successful 4 | . 4 Failed 2 | . 2 Catastrophic . | . . Database Lockouts . | . . Manual 2 | . 2 Terminals 6 | . 6 Fabricators . | . . Repair Stations . | . . Recycling Units . | . . Scanalyzers . | . . Garrison Access . | . . Terminal Hacks 4 | . 4 Disarm Traps 4 | . 4 Fabricator Hacks . | . . Repair Station Hacks . | . . Recycling Unit Hacks . | . . Scanalyzer . | . . Garrison Access Hacks . | . . Unauthorized Hacks . | . . Terminals . | . . Fabricators . | . . Repair Stations . | . . Recycling Units . | . . Scanalyzers . | . . Garrison Access . | . . Data Cores Recovered . | . . Used . | . . Hacking Detections 2 | . 2 Full Trace Events 1 | . 1 Feedback Events . | . . Feedback Blocked . | . . Robot Schematics Acquired . | . . Robots Built . | . . Authchips . | . . Time . | . . Total Robot Build Rating . | . . Part Schematics Acquired . | . . Parts Built . | . . Authchips . | . . Time . | . . Total Part Build Rating . | . . Parts Repaired . | . . Time . | . . Parts Recycled . | . . Recycled Matter . | . . Retrieved Matter . | . . Retrieved Components . | . . Parts Scanalyzed . | . . Part Schematics Acquired . | . . Parts Damaged . | . . Bothacking | -11 -10 ------------ Run | Yrd Mat Used RIF Installer . | . . Robots Hacked . | . . Non-combat . | . . Combat . | . . Robot Hacks Applied . | . . Relay Couplers Released . | . . Fabnet Peak Effective % . | . . Robots Rewired . | . . Allies Hacked . | . . Hacks Repelled . | . . Allies | -11 -10 -------- Run | Yrd Mat Total Allies . | . . Largest Group . | . . Highest-Rated Group . | . . Highest-Rated Ally . | . . Total Orders . | . . Ally Attacks . | . . Total Damage . | . . Kills . | . . Allies Corrupted . | . . Allies Melted . | . . Intel | -11 -10 ------- Run | Yrd Mat Robot Analysis Total . | . . Derelict Logs Recovered . | . . Drone Launches . | . . Drone Recoveries . | . . Exploration | -11 -10 ------------- Run | Yrd Mat Turns Passed 307 | 83 224 Spaces Moved 298 | 70 228 Core 148 | 5 143 Treads . | . . Legs . | . . Wheels 150 | 65 85 Hover . | . . Flight . | . . Fastest Speed 50 | 50 50 Average Speed 76 | 96 70 Slowest Speed 100 | 100 100 Overloaded Moves . | . . Propulsion Burnouts . | . . Robots Hopped . | . . Cave-ins Triggered . | . . Exploration Rate (%) 21 | 4 38 Regions Visited 1 Branch Regions . Pre-discovered Areas . | . . Known Exits Taken . | . . Unknown Exits Taken 1 | 1 . Scrap Searched . | . . Spaces Dug . | . . Terrain Destroyed . | . . Melee . | . . Projectile . | . . AOE . | . . Terrain Rammed . | . . Walls Destroyed . | . . Machines Disabled . | . . Actions | -11 -10 --------- Run | Yrd Mat Total 376 | 85 291 Wait . | . . Move 297 | 69 228 Hop . | . . Pick Up 15 | 10 5 Fast Attach . | . . Attach 6 | 6 . Detach . | . . Swap . | . . Drop 6 | . 6 Fire 2 | . 2 Melee . | . . Ram 50 | . 50 Kick . | . . Crush . | . . Escape Stasis . | . . Rewire . | . . Trap . | . . Miscellaneous . | . . Route ------- -11/Scrapyard -10/Materials (discovered 1 exit: [*Mat]) History --------- Turn | Location | Event 14 | -11/Scrapyard | Discovered new exit (range 15) 84 | -11/Scrapyard | Entered Materials 190 | -10/Materials | Released all parts (1) 221 | -10/Materials | Core integrity fell below 50% 274 | -10/Materials | Discovered new exit (range 8) 275 | -10/Materials | Core integrity fell below 20% 308 | -10/Materials | Build established: Mutant 308 | -10/Materials | Destroyed by G-34 Mercenary with Small Laser Last Messages --------------- EXIT=FOUND Slammed into W-16 Scout. Connecting with Terminal... >>Traps(Disarm) Disarmed 4 Blade Traps. >>Traps(Disarm) Disarmed 6 EMP Traps. >>Traps(Disarm) Disarmed 6 Explosive Traps. >>Traps(Disarm) No traps found in local area. ALERT: Suspicious activity at Terminal M007. Dispatching Investigation squad. K-01 Serf cleans the Integration Channel. System corrupted: Substantial component data lost. Slammed into G-34 Mercenary. Slammed into R-06 Scavenger. Slammed into T-07 Excavator. Slammed into G-34 Mercenary. Map ----- +----------------------------------------------------+ | ??????# """ # #?# !! #???### | | ??????# """ # """ #?# ! [##### | | ???#### # """ #?# # # | | ???# # [ #! """ #?# # # | | ???# #*%= # #?# # # | | ???# ##+#########+###########+### + " | | ???# %%[% # " | | ???# = % # " | | ???# """ ######## ####### # | | ??## """ #??????# #?????##+##### ### | | ??#T """ !######?# #?????# # #?? | | ??##! ###+####### """ # #?? | | ???# + ## """ + #?? | | ???##+###+#### # ## """ # | | ????# # # ## # | | ????# +*!#% ## # | | ????# #=%#%%% ############### | | ????# #!%+% % #?????????????? | | ????# #!%#%% #?????????????? | | ????# #%%# #?????????????? | | ????# +% # #?????????????? | | ????# ##t##########?????????????? | | ????# ## #??????????????????????? | | ????########### #??????????????????????? | | ???????########%##############?????????? | | ???????# @%%g #?????????? | | ???????# < %%%g r +?????????? | | ???????# %% #?????????? | | ???????####+############## #?????????? | | ?????????????????#######?# #?????????? | | ?????????????????#! = #?# #?????????? | | ?????????????????# #?# #?????????? | | ?????????????????# " #?# #?????????? | | ?????????????????# "" ### ##????????? | | ?????????????????# "" ## ######## | | ?????????????????# """ ## | | ?????????????????# "" / T | | ?????????????????# """ ## | | ?????????????????# """ ## ####### | | ?????????????????# """ #### ###???????? | | ?????????????????# " #?##+#########??? | | ?????????????????# #?# #??? | | ?????????????????#+#/###?# #??? | | ??????????????????? ????# #??? | | ?????????????????? ????# """ """ #??? | | ??????????????????#? ????+ """ """ #??? | | ??????????????????? ?????# """ """ #??? | | ??????????????????? ? ###########???? | | ???????????????????????????????????????? | | ???????????????????????????????????????? | +----------------------------------------------------+ Best States ------------- Heat Dissipation 25 Energy Generation 10 Energy Capacity 250 Matter Stores 300 Matter Capacity 300 Sight Range 16 Terrain Scan Density 10 Evasion (%) 50 Item Schematics ----------------- None Robot Schematics ------------------ None Fabricated ------------ Nothing Alien Tech Used ----------------- None Achievements -------------- Fist Fight Challenges ------------ None Game ------ Seed AnalysisCoreBay Manual? 0 Play Time 00:07:30 Cumulative 11.0 hours Start 2024.07.12 @ 22:19:45 End 2024.07.12 @ 22:23:51 Sessions 1 Manual Loads 0 Difficulty Rogue Special Mode None Game No. 29 Rogue 29 Adventurer 0 Explorer 0 Win Type - Total 0 Types 0/0/0/0/0/0/0/0/0 Lore% 17 Gallery% 15 Achievement% 16 Wizard Run 0 Options --------- Layout 1 ASCII 0 Keyboard 0 Movement Arrows Keybinds 0 Fullscreen 1 Font 28/Dina Map View 50x43 Zoom Use 0% Tactical HUD 0 Map Filters NONE Filters NONE Steam 1 RUN: 558f633b-e566-44af-a187-1b30e8bd470b